 Dungeon Crawl Stone Soup version 0.27-a0-1597-ge58577e147 (webtiles) character file.

Game seed: 18368358370806688145

1561 HAL9000 the Slicer (level 8, -8/42 HPs)
             Began as a Vine Stalker Brigand on July 21, 2021.
             Was an Initiate of Dithmenos.
             Mangled by a white ugly thing (32 damage)
             ... on level 5 of the Dungeon.
             The game lasted 00:10:22 (6047 turns).

HAL9000 the Slicer (Vine Stalker Brigand)           Turns: 6047, Time: 00:10:22

Health: -8/42      AC:  3    Str: 15    XL:     8   Next: 89%
Magic:  0/9        EV: 11    Int: 12    God:    Dithmenos [......]
Gold:   247        SH:  0    Dex: 16    Spells: 4/7 levels left

rFire    . . .     SeeInvis .   v - +2 short sword (protect)
rCold    . . .     Faith    .   (no shield)
rNeg     . . .     Spirit   +   b - +0 robe
rPois    .         Reflect  .   r - +0 hat
rElec    .         Harm     .   c - +0 cloak
rCorr    .         Rampage  .   (no gloves)
Will     +....                  (no boots)
Stlth    +++.......             (no amulet)
HPRegen  1.14/turn              (no ring)
MPRegen  0.11/turn              (no ring)

@: no status effects
A: fangs 3, regeneration 1, magic shield, antimagic bite, no potion heal 2
a: Renounce Religion


You were on level 5 of the Dungeon.
You worshipped Dithmenos.
Dithmenos was noncommittal.
You visited 2 branches of the dungeon, and saw 7 of its levels.

You collected 273 gold pieces.
You spent 26 gold pieces at shops.

Inventory:

Hand Weapons
 a - a +2 dagger
 v - a +2 short sword of protection (weapon)
Missiles
 e - 5 curare-tipped darts
 k - 2 throwing nets
 u - 13 poisoned darts (quivered)
Armour
 b - a +0 robe (worn)
 c - a +0 cloak (worn)
 r - a +0 hat (worn)
Wands
 d - a wand of polymorph (8)
 n - a wand of digging (5)
Scrolls
 g - 4 scrolls of teleportation
 o - 2 scrolls of magic mapping {unknown}
 p - a scroll of blinking {unknown}
 s - a scroll of enchant armour {unknown}
 t - 3 scrolls of identify {unknown}
 x - a scroll of noise {unknown}
Potions
 f - 2 potions of flight {unknown}
 h - a potion of berserk rage {unknown}
 i - 2 potions of mutation {unknown}
 j - a potion of brilliance {unknown}
 l - a potion of cancellation {unknown}
 m - 3 potions of heal wounds {unknown}
 q - a potion of haste {unknown}
 w - a potion of curing {unknown}


   Skills:
 - Level 4.0 Fighting
 + Level 8.4 Short Blades
 - Level 4.0 Throwing
 - Level 0.7 Dodging
 + Level 5.6 Stealth


You had 4 spell levels left.
You knew the following spells:

 Your Spells              Type           Power      Damage    Failure   Level
a - Swiftness             Air            0%         N/A       69%         3

Your spell library contained the following spells:

 Spells                   Type           Power      Damage    Failure   Level
 Foxfire                  Conj/Fire      0%         2x1d4     32%         1
 Freeze                   Ice            0%         1d3       32%         1
 Pain                     Necr           0%         1d4       32%         1
 Passwall                 Tmut/Erth      0%         N/A       45%         2
 Summon Ice Beast         Ice/Summ       0%         N/A       97%         4
 Summon Mana Viper        Hex/Summ       0%         N/A       100%        5
 Invisibility             Hex            0%         N/A       100%        6
 Monstrous Menagerie      Summ           0%         N/A       100%        7


Dungeon Overview and Level Annotations

Branches:
Dungeon (6/15)             Temple (1/1) D:5

Altars:
Ashenzari
Cheibriados
Dithmenos
Elyvilon
Fedhas
Gozag
Hepliaklqana
Makhleb
Nemelex Xobeh
Okawaru
Qazlal
Sif Muna
Trog
Xom
Yredelemnul
Zin
The Shining One

Shops:
D:4 *(


Innate Abilities, Weirdness & Mutations

You have razor-sharp teeth.
Your natural rate of healing is unusually fast.
When hurt, damage is shared between your health and your magic reserves.
Your bite disrupts and absorbs the magic of your enemies.
Potions cannot restore your health.


Message History

The sky beast hits you but does no damage.
You hit the sky beast.
The sky beast is heavily wounded.
You hit the sky beast.
The sky beast is severely wounded.
The sky beast closely misses you.
You hit the sky beast but do no damage. You bite the sky beast!
You drain its power.
The sky beast is almost dead.
The sky beast barely misses you.
You hit the sky beast but do no damage. Your bite misses the sky beast.
The sky beast is almost dead.
You puncture the sky beast!
You kill the sky beast!
Dithmenos accepts your kill.
No target in view!
Found 6 stones.
A white ugly thing comes into view.
The white ugly thing gurgles horribly!
A white ugly thing is nearby!
There is a stone staircase leading up here.
The white ugly thing punches you. The white ugly thing freezes you!
You climb upwards.
There is a stone staircase leading down here.
Unknown command.
Aiming: Polymorph
Press: ? - help, Shift-Dir - straight line, f - white ugly thing
Aim: a white ugly thing (will change colour)
The white ugly thing basks in the mutagenic energy and changes!
The green ugly thing kicks you!
Unknown command.
The green ugly thing kicks you.
You see here 21 stones.
Aiming: Polymorph
Press: ? - help, Shift-Dir - straight line, f/p - green ugly thing
Aim: a green ugly thing (will change colour)
The green ugly thing basks in the mutagenic energy and changes!
The white ugly thing engulfs you! The white ugly thing freezes you!!
Ouch! That really hurt!
You die...

#..#### #.# #...# #....####.
##.## #.# ###.# #..####... ....#
#.#####.#######...###... ....#
##.............#....##..# ....#
##...##..................#
....####.....#.........#.#...####
..................#####..#...###.
....###........#..####......###..
....# #......(.#@...##..#...##..#
....# ##.......#u##.............#
...## ##.....###.###.........#..#
##..# #.......##......##..#......
##.###.......##..##..#..##.#....
#...................#.###....##
######.........#....#.# #..####
#........###.....# #......
#..#.##..###..##.###......


You could see a white ugly thing.

Vanquished Creatures
  A wraith (D:6)
  Eustachio (D:4)
  A water moccasin (D:4)
  2 black bears (D:5)
  2 sky beasts
  A necrophage (D:5)
  A centaur (D:5)
  Blork the orc (D:5)
  A kobold brigand (D:6)
  A scorpion (D:5)
  A hound (D:4)
  A jelly (D:5)
  An orc priest (D:3)
  Crazy Yiuf (D:4)
  An orc wizard (D:4)
  4 iguanas
  8 adders
  A shadow imp (D:5)
  A white imp (D:5)
  2 worms
  2 dart slugs
  11 orcs
  4 bats
  5 endoplasms
  3 giant cockroaches
  10 hobgoblins
  16 jackals
  2 quokkas
  7 ball pythons
  A frilled lizard (D:1)
  2 goblins (D:4)
  11 kobolds
  6 rats
113 creatures vanquished.

Notes
Turn   | Place    | Note
-------+----------+-------------------------------------------
     0 | D:1      | HAL9000 the Vine Stalker Brigand began the quest for the
                  | Orb.
     0 | D:1      | Reached XP level 1. HP: 11/11 MP: 2/2
   313 | D:1      | Reached XP level 2. HP: 15/15 MP: 3/3
   903 | D:1      | Reached XP level 3. HP: 18/18 MP: 4/4
  2037 | D:2      | Gained mutation: Your natural rate of healing is unusually
                  | fast. [Vine Stalker growth]
  2037 | D:2      | Reached XP level 4. HP: 23/23 MP: 5/5
  2389 | D:3      | Found a hazy altar of Hepliaklqana.
  2529 | D:3      | Reached skill level 2 in Short Blades
  2579 | D:3      | Learned a level 3 spell: Swiftness
  2591 | D:3      | Found an iron altar of Okawaru.
  2693 | D:4      | Reached XP level 5. HP: 24/26 MP: 6/6
  2932 | D:4      | Reached skill level 3 in Short Blades
  2987 | D:4      | Found Vajued's Weapon Shop.
  3160 | D:4      | Found a runed translucent door.
  3161 | D:4      | Noticed Crazy Yiuf
  3264 | D:4      | HP: 1/26 [iguana (10)]
  3271 | D:4      | Reached skill level 4 in Short Blades
  3423 | D:4      | Noticed Eustachio
  3437 | D:4      | Killed Eustachio
  3438 | D:4      | Reached skill level 5 in Short Blades
  3438 | D:4      | Reached XP level 6. HP: 30/30 MP: 7/7
  3563 | D:4      | Found Neugal's Serpentskin Sales.
  3563 | D:4      | Noticed a water moccasin
  3588 | D:4      | Killed a water moccasin
  3589 | D:4      | Reached XP level 7. HP: 7/34 MP: 4/8
  3745 | D:4      | Bought 4 curare-tipped darts for 26 gold pieces
  4286 | D:4      | Killed Crazy Yiuf
  4287 | D:4      | Reached skill level 6 in Short Blades
  4444 | D:5      | Entered Level 5 of the Dungeon
  4804 | D:5      | Gained mutation: You have razor-sharp teeth. [Vine Stalker
                  | growth]
  4804 | D:5      | Reached XP level 8. HP: 32/40 MP: 6/9
  4909 | D:5      | Found a shadowy altar of Dithmenos.
  4996 | D:5      | Reached skill level 7 in Short Blades
  5020 | D:5      | Became a worshipper of Dithmenos the Shadowed
  5112 | D:5      | Got A Beginning Course on Thaumaturgy
  5121 | D:5      | Noticed Blork the orc
  5136 | D:5      | Killed Blork the orc
  5196 | D:5      | Found a staircase to the Ecumenical Temple.
  5217 | Temple   | Entered the Ecumenical Temple
  5649 | D:6      | Noticed a wraith
  5722 | D:6      | Reached skill level 5 in Stealth
  5856 | D:6      | Killed a wraith
  5857 | D:6      | Reached skill level 8 in Short Blades
  6009 | D:6      | Noticed a white ugly thing
  6047 | D:5      | Mangled by a white ugly thing

Illustrated notes

Levels and vault maps discovered:
D:1:      lemuel_arrival_room, layout_rooms, palyth_stone_intersect
D:2:      layout_basic
D:3:      layout_rooms, mainiacjoe_overflow_paths, kennysheep_okawaru_gauntlet
D:4:      layout_basic, serial_shops, shop, guppyfry_shop_venom, uniq_eustachio,
          uniq_crazy_yiuf_cottage
D:5:      layout_rooms, nicolae_dithmenos_shadow_blocks,
          minmay_temple_entry_wispy, minmay_diced_spiral, uniq_blork_the_orc
D:6:      layout_rooms
Temple:   eino_temple_water

Skill      XL: |  1  2  3  4  5  6  7  8 |
---------------+-------------------------+-----
Throwing       | 2 3 4 |  4.0
Short Blades   | 2 5 6 8 |  8.4
Fighting       | 3 4 |  4.0
Stealth        | 5 |  5.6
Dodging        | |  0.7

Action                   |  1- 3 |  4- 6 |  7- 9 || total
-------------------------+-------+-------+-------++-------
Melee: Dagger            |   109 |   107 |   166 ||   382
       Bite              |    29 |    32 |    73 ||   134
       Short sword       |       |       |    44 ||    44
Throw: Dart              |     9 |    33 |    37 ||    79
       Throwing net      |       |     2 |       ||     2
Evoke: Wand              |       |       |     2 ||     2
  Use: Scroll            |     1 |       |     1 ||     2
 Stab: Sleeping          |     2 |     2 |     3 ||     7
       Distracted        |       |     1 |       ||     1
       Held in net/web   |       |     1 |       ||     1
Armor: Robe              |    34 |    12 |    40 ||    86
Dodge: Dodged            |    62 |    44 |    86 ||   192

Table legend: (Time is in decaauts)
 A = Elapsed time spent in this place.
 B = Non-inter-level travel time spent in this place.
 C = Inter-level travel time spent in this place.
 D = Time resting spent in this place.
 E = Time spent auto-exploring this place.
 F = Levels seen in this place.
 G = Mean time per level.
                   A        B        C        D        E       F      G
               +--------+--------+--------+--------+--------+-----+--------+
         Total |   5959 |   5738 |    221 |   1121 |   3466 |   7 |  851.3 |
       Dungeon |   5727 |   5525 |    202 |   1121 |   3254 |   6 |  954.5 |
        Temple |    231 |    212 |     19 |      0 |    212 |   1 |  231.0 |
               +--------+--------+--------+--------+--------+-----+--------+

Top non-repeatable levels by time:
     D:4: 1618 daAuts
     D:1: 1173 daAuts
     D:2: 1063 daAuts
     D:5: 982 daAuts
     D:3: 626 daAuts
     D:6: 263 daAuts
  Temple: 231 daAuts
